 Dungeon Crawl Stone Soup version 0.24.1-14-gf8d2b509d9 (webtiles) character file.

Game seed: 2455483435423113621, levelgen mode: deterministic

11404 Doot the Eclecticist (level 11, -5/54 (55) HPs)
             Began as a Deep Elf Wizard on May 26, 2020.
             Was an Elder of Kikubaaqudgha.
             Slain by a death scarab (21 damage)
             ... in a Gauntlet.
             The game lasted 00:51:34 (18069 turns).

Doot the Eclecticist (Deep Elf Wizard)             Turns: 18069, Time: 00:51:35

HP:   -5/54 (55)    AC: 11    Str:  4    XL:     11   Next: 48%
MP:   0/32          EV: 13    Int: 27    God:    Kikubaaqudgha [****..]
Gold: 360           SH:  0    Dex: 13    Spells: 6/41 levels left

rFire    + . .     SeeInvis +   z - +4 quarterstaff (chaos)
rCold    + + +     Gourm    .   (shield currently unavailable)
rNeg     + . .     Faith    .   V - +4 skin of Zhor {Hibernate rC+++ SInv}
rPois    .         Spirit   +   b - +1 hat
rElec    .         Reflect  .   L - scarf {rC+ rF+}
rCorr    .         Harm     .   K - +2 pair of gloves
MR       +....     NoTele   +   C - +0 pair of boots
Stlth    ++........             D - amulet of guardian spirit
HPRegen  0.18/turn              Q - ring of positive energy
MPRegen  0.23/turn              R - ring of flight

@: slowed, very slow
A: no striking features
a: Receive Corpses, Renounce Religion, Evoke Flight


You were in a Gauntlet.
You worshipped Kikubaaqudgha.
Kikubaaqudgha was greatly pleased with you.
You were not hungry.

You visited 2 branches of the dungeon, and saw 13 of its levels.
You also visited: Sewer and Gauntlet.

You collected 706 gold pieces.
You spent 346 gold pieces at shops.

Inventory:

Hand Weapons
 z - a +4 quarterstaff of chaos (weapon)
Missiles
 t - 60 poisoned darts (quivered)
 P - a throwing net
Armour
 a - a +0 robe
 b - a +1 hat (worn)
 l - a +0 troll leather armour
 m - a +0 scale mail
 y - a +2 leather armour of fire resistance
 B - a cursed +0 cloak
 C - a +0 pair of boots (worn)
 K - a +2 pair of gloves (worn)
 L - a scarf of resistance (worn)
 M - the +1 ring mail of Vanity {rCorr}
   (You found it on level 6 of the Dungeon)

   It provides partial protection from all sources of acid and corrosion.
 V - the +4 skin of Zhor (worn) {Hibernate rC+++ SInv}
   (You took it off a centaur warrior on level 11 of the Dungeon)

   It renders you almost immune to cold.
   It lets you see invisible.
Jewellery
 D - an amulet of guardian spirit (around neck)
 Q - a ring of positive energy (left hand)
 R - a ring of flight (right hand)
Wands
 g - a wand of digging (15)
 O - a wand of flame (8)
 U - a wand of polymorph (7)
Scrolls
 f - 9 scrolls of enchant armour
 k - 2 scrolls of random uselessness
 p - 4 scrolls of summoning
 q - 5 scrolls of magic mapping
 r - 2 scrolls of immolation
 v - 8 scrolls of teleportation
 w - a scroll of amnesia
 E - a scroll of fear {unknown}
 G - a scroll of noise {unknown}
 H - 2 scrolls of remove curse
 I - a scroll of enchant weapon {unknown}
 J - a scroll of holy word {unknown}
 N - 2 scrolls of fog {unknown}
Potions
 c - 2 potions of mutation
 e - a potion of cancellation {unknown}
 h - 7 potions of curing
 j - 2 potions of magic {unknown}
 n - a potion of heal wounds
 o - 4 potions of haste
 s - 2 potions of ambrosia {unknown}
 u - 4 potions of might
 x - 2 potions of degeneration {unknown}
 A - a potion of flight {unknown}
 F - a potion of brilliance {unknown}
 S - a potion of berserk rage
 T - a potion of invisibility {unknown}
Comestibles
 d - 16 rations


   Skills:
 + Level 0.5 Fighting
 + Level 1.2 Staves
 + Level 1.8 Armour
 + Level 3.3 Dodging
 + Level 3.7 Stealth
 + Level 0.1 Unarmed Combat
 + Level 15.8 Spellcasting
 + Level 6.2 Conjurations
 + Level 1.6 Charms
 + Level 2.6 Summonings
 + Level 11.6 Necromancy
 + Level 2.4 Translocations
 + Level 2.7 Fire Magic
 + Level 1.0 Air Magic
 + Level 2.6 Poison Magic


You had 6 spell levels left.
You knew the following spells:

 Your Spells              Type           Power        Failure   Level  Hunger
a - Pain                  Necr           ####         1%          1    None
b - Blink                 Tloc           N/A          1%          2    None
c - Call Imp              Summ           #####...     1%          2    None
e - Mephitic Cloud        Conj/Pois/Air  #####...     1%          3    None
f - Magic Dart            Conj           ####         1%          1    None
g - Animate Skeleton      Necr           N/A          1%          1    None
h - Sublimation of Blood  Necr           ######....   1%          2    None
i - Regeneration          Chrm/Necr      ######....   1%          3    None
j - Bolt of Draining      Conj/Necr      ######....   1%          5    None
k - Dispel Undead         Necr           ######..     1%          5    None
l - Death Channel         Necr           ######....   3%          6    ####...
m - Animate Dead          Necr           N/A          1%          4    None

Your spell library contained the following spells:

 Spells                   Type           Power        Failure   Level  Hunger
 Conjure Flame            Conj/Fire      #####...     1%          3    None
 Confusing Touch          Hex            ###...       2%          1    None
 Gell's Gravitas          Tloc           ####......   2%          3    None
 Slow                     Hex            ###.....     3%          2    None
 Borgnjor's Vile Clutch   Necr/Erth      ######....   6%          5    None
 Confuse                  Hex            ###.....     7%          3    None
 Petrify                  Tmut/Erth      ###.....     24%         4    None
 Metabolic Englaciation   Hex/Ice        ###.......   54%         5    None
 Yara's Violent Unravell  Hex/Tmut       ###.......   54%         5    None


Dungeon Overview and Level Annotations

Branches:
Dungeon (12/15)            Temple (1/1) D:5            Lair (0/6) D:8
    Orc (0/2) D:11          Sewer (visited)         Gauntlet (1/1)

Altars:
Ashenzari
Cheibriados
Dithmenos
Elyvilon
Fedhas
Gozag
Hepliaklqana
Kikubaaqudgha
Makhleb
Nemelex Xobeh
Okawaru
Qazlal
Ru
Sif Muna
Trog
Uskayaw
Vehumet
Wu Jian
Xom
Yredelemnul
Zin
The Shining One
Beogh

Shops:
D:6 }[[*

Annotations:
D:7 Harold
D:11 2 runed translucent doors, raetorn's ghost, journeyman DgCj Gauntlet 13 transporters, 21 runed translucent doors, exclusion: obsidian statue


Message History

The death scarab is engulfed in blazing flames.
The death scarab bites you!
The death scarab draws strength from your injuries!
The spectral seven-headed hydra bites you but does no damage. x3
The spectral seven-headed hydra bites you! x2
* * * LOW HITPOINT WARNING * * *
The spectral seven-headed hydra barely misses you.
The spectral seven-headed hydra bites you.
* * * LOW HITPOINT WARNING * * *
The death scarab is engulfed in blazing flames.
As you read the scroll labeled BYIRGH JEME, it crumbles to dust.
It is a scroll of amnesia.
Forget Conjure Flame, freeing 3 spell levels for a total of 6?
Your memory of Conjure Flame unravels.
The death scarab is engulfed in blazing flames.
The death scarab bites you but does no damage.
The death scarab is engulfed in blazing flames. x2
The death scarab bites you!!
You die...
Kikubaaqudgha rasps: "You have failed me!
Welcome... death!"

......x#.#...[©....#.#J...#..#.#.
################################.
8≈≈#©.........©.........©#≈≈8≈≈#.
################################.
........©#≈≈§§8≈§≈≈#©...........©
#################################
.#.#.........#.#.≈...≈≈..#.#..+.©
.#.#.#.....#.#.#.≈..≈..≈.#.#..+..
.#.#.##...##.#.#@ZZ.≈≈.≈.#.#++#+#
.#.#..##.##..#.#ss≈...≈.≈#.#..+..
.#.#....©....#.#≈≈.≈.≈..≈#.#..+..
.#.#..#####..#.#.≈.≈≈≈.≈.#.#++#..
.#.#.##...##.#.#..≈...≈≈.#.#..#++
.#.#G#.....#.#.#.≈.≈...≈.#.#3....
.#.#u.!?©=...#.#.≈.|©?≈.[#.#2.=!©
##.###########.###########.######
.................................


You could see a spectral seven-headed hydra, a spectral five-headed hydra and 2
death scarabs.

Vanquished Creatures
  2 centaur warriors
  2 unseen horrors
  An orc knight (D:11)
  An ugly thing (D:11)
  A slime creature (Gauntlet)
  A centaur skeleton (D:12)
  3 trolls (D:12)
  3 shadows (Gauntlet)
  Sigmund (D:2)
  A basilisk (D:8)
  A human (D:8)
  A wyvern (D:12)
  4 yaks (D:7)
  A steam dragon (D:9)
  2 porcupines (D:8)
  3 ice beasts
  3 black bears
  3 orc warriors
  A necrophage (D:8)
  2 ogres (D:8)
  4 sky beasts
  3 wolves
  4 centaurs
  A big kobold (D:10)
  6 bullfrogs
  A wyvern zombie (D:8)
  3 scorpions
  4 howler monkeys
  3 bullfrog zombies
  2 crimson imps
  2 centaur zombies
  8 hounds
  2 jellies
  9 orc priests
  7 orc wizards
  Crazy Yiuf (D:2)
  2 bullfrog skeletons
  A gnoll shaman (D:4)
  3 iguanas
  Natasha (twice) (D:3)
  17 worker ants
  Robin (D:4)
  A worker ant zombie (D:10)
  7 gnolls
  A howler monkey skeleton (D:9)
  12 adders
  A shadow imp (D:8)
  14 oozes
  An adder skeleton (D:10)
  2 adder zombies
  2 worms (D:3)
  4 dart slugs
  12 leopard geckos
  39 orcs
  5 bats
  13 giant cockroaches
  10 goblins
  5 hobgoblins
  4 jackals (D:3)
  9 kobolds
  3 quokkas
  13 ball pythons
  19 frilled lizards
  A jackal zombie (D:6)
  7 rats
308 creatures vanquished.

Vanquished Creatures (collateral kills)
  A basilisk (D:8)
  A porcupine (D:8)
  A bullfrog (D:11)
  4 crimson imps
  Natasha (D:3)
  A worker ant (D:4)
  A gnoll (D:5)
  2 leopard geckos
  5 orcs
  A goblin (D:4)
  2 fungi (D:8)
20 creatures vanquished.

Vanquished Creatures (others)
  14 demonic plants (Gauntlet)
  5 fungi (D:8)
19 creatures vanquished.

Grand Total: 347 creatures vanquished

Notes
Turn   | Place    | Note
-------+----------+-------------------------------------------
     0 | D:1      | Doot the Deep Elf Wizard began the quest for the Orb.
     0 | D:1      | Reached XP level 1. HP: 10/10 MP: 7/7
   121 | D:2      | Reached skill level 5 in Spellcasting
   393 | D:3      | Reached XP level 2. HP: 14/15 MP: 5/10
   870 | D:3      | Reached XP level 3. HP: 19/19 MP: 9/12
  1083 | D:4      | Noticed Robin
  1119 | D:5      | Entered Level 5 of the Dungeon
  1124 | D:5      | Learned a level 2 spell: Blink
  1127 | D:5      | Learned a level 2 spell: Call Imp
  1131 | D:5      | Learned a level 3 spell: Conjure Flame
  1135 | D:5      | Learned a level 3 spell: Mephitic Cloud
  1152 | D:5      | Reached skill level 6 in Spellcasting
  1152 | D:5      | Reached XP level 4. HP: 24/24 MP: 4/14
  1160 | D:5      | Found a shimmering blue altar of Sif Muna.
  1208 | D:5      | Noticed a centaur
  1256 | D:5      | Reached XP level 5. HP: 28/28 MP: 8/16
  1292 | D:5      | Found a glowing drain.
  1296 | Sewer    | Entered a sewer
  1445 | Sewer    | Reached skill level 7 in Spellcasting
  1953 | Sewer    | Reached skill level 1 in Poison Magic
  2250 | Sewer    | Reached XP level 6. HP: 31/32 MP: 11/18
  2492 | Sewer    | Reached skill level 8 in Spellcasting
  2980 | D:4      | Reached XP level 7. HP: 9/36 MP: 7/20
  3289 | D:5      | Reached skill level 1 in Fire Magic
  3624 | D:5      | Found a staircase to the Ecumenical Temple.
  3630 | Temple   | Entered the Ecumenical Temple
  3730 | Temple   | Became a worshipper of Kikubaaqudgha
  4386 | D:4      | Killed Robin
  4457 | D:4      | Reached skill level 5 in Conjurations
  4738 | D:3      | Reached * piety under Kikubaaqudgha
  4738 | D:3      | Identified Kikubaaqudgha's Incunabulum of Unholy Rituals
                  | (Kikubaaqudgha gifted it to you on level 3 of the Dungeon)
  4738 | D:3      | Received a gift from Kikubaaqudgha
  4744 | D:2      | Learned a level 1 spell: Pain
  4746 | D:2      | Learned a level 1 spell: Animate Skeleton
  4749 | D:2      | Learned a level 2 spell: Sublimation of Blood
  4753 | D:2      | Learned a level 3 spell: Regeneration
  5954 | D:2      | Reached skill level 1 in Necromancy
  6176 | D:2      | Found a runed translucent door.
  6177 | D:2      | Noticed Crazy Yiuf
  6282 | D:2      | Noticed Sigmund
  6289 | D:2      | Killed Sigmund
  6653 | D:2      | Killed Crazy Yiuf
  6653 | D:2      | Reached XP level 8. HP: 41/42 MP: 11/22
  7012 | D:3      | Noticed Natasha
  7023 | D:3      | Killed Natasha
  7069 | D:3      | Noticed Natasha
  7078 | D:3      | Killed Natasha
  7089 | D:3      | Noticed Natasha
  7094 | D:3      | Killed Natasha
  7107 | D:3      | Found a roughly hewn altar of Beogh.
  7487 | D:4      | Reached skill level 5 in Necromancy
  7727 | D:5      | Reached skill level 9 in Spellcasting
  8195 | D:6      | Found Keluc's Gadget Boutique.
  8338 | D:6      | Found Laohe's Elemental Accessories.
  8509 | D:6      | Found Qeuff's Antique Armour Shop.
  8554 | D:6      | Bought a pair of glowing gloves for 202 gold pieces
  8629 | D:6      | Found Umunapt's Antique Armour Shop.
  8634 | D:6      | Bought a runed scarf for 144 gold pieces
  8671 | D:6      | Reached ** piety under Kikubaaqudgha
  8671 | D:6      | Reached skill level 10 in Spellcasting
  8777 | D:6      | Got a brightly glowing ring mail
  9132 | D:7      | Found a shadowy altar of Dithmenos.
  9192 | D:7      | Noticed Harold
  9601 | D:7      | Reached XP level 9. HP: 34/46 MP: 9/25
 10319 | D:7      | Reached skill level 1 in Armour
 11076 | D:8      | Found a glowing golden altar of the Shining One.
 11342 | D:8      | Reached skill level 11 in Spellcasting
 11799 | D:8      | Reached skill level 10 in Necromancy
 12326 | D:8      | Reached *** piety under Kikubaaqudgha
 12326 | D:8      | Identified Kikubaaqudgha's Incunabulum of Unholy Rites
                  | (Kikubaaqudgha gifted it to you on level 8 of the Dungeon)
 12326 | D:8      | Received a gift from Kikubaaqudgha
 12326 | D:8      | Reached XP level 10. HP: 27/50 MP: 7/27
 12334 | D:8      | Learned a level 5 spell: Bolt of Draining
 12340 | D:8      | Learned a level 5 spell: Dispel Undead
 12804 | D:8      | Found a staircase to the Lair.
 12847 | D:8      | Reached skill level 12 in Spellcasting
 14139 | D:9      | Reached skill level 13 in Spellcasting
 14388 | D:10     | Entered Level 10 of the Dungeon
 14518 | D:10     | Learned a level 6 spell: Death Channel
 14715 | D:10     | Noticed a centaur warrior
 14720 | D:10     | Killed a centaur warrior
 14745 | D:10     | Reached **** piety under Kikubaaqudgha
 14861 | D:10     | Identified the +1 ring mail of Vanity {rCorr} (You found it
                  | on level 6 of the Dungeon)
 14969 | D:10     | Reached skill level 14 in Spellcasting
 15328 | D:10     | Killed an unseen horror
 15529 | D:11     | Found a large runed translucent door.
 15530 | D:11     | Found a large runed translucent door.
 15532 | D:11     | Noticed raetorn's ghost (journeyman DgCj)
 15868 | D:11     | Learned a level 4 spell: Animate Dead
 15889 | D:11     | Noticed an orc knight
 15890 | D:11     | Noticed an orc knight
 15896 | D:11     | Noticed a wolf spider
 15898 | D:11     | Noticed a manticore
 15899 | D:11     | Noticed an ogre mage
 16097 | D:11     | Killed an orc knight
 16097 | D:11     | Reached skill level 15 in Spellcasting
 16173 | D:11     | Found a staircase to the Orcish Mines.
 16177 | D:11     | Found a roughly hewn altar of Beogh.
 16177 | D:11     | Noticed a brown ugly thing
 16183 | D:11     | Killed a brown ugly thing
 16183 | D:11     | Reached XP level 11. HP: 54/54 MP: 6/32
 16216 | D:11     | Noticed a centaur warrior
 16245 | D:11     | Killed a centaur warrior
 16623 | D:12     | Reached skill level 1 in Air Magic
 16735 | D:12     | Noticed an unseen horror
 16745 | D:12     | Killed an unseen horror
 16793 | D:12     | Reached skill level 1 in Staves
 16907 | D:12     | Reached skill level 1 in Charms
 16964 | D:12     | Found a gate leading to a gauntlet.
 16970 | Gauntlet | Entered a Gauntlet
 16970 | Gauntlet | Found a transporter.
 16983 | Gauntlet | Found a transporter.
 16996 | Gauntlet | Found a transporter.
 16998 | Gauntlet | Found a large runed translucent door.
 16998 | Gauntlet | Found a large runed translucent door.
 16999 | Gauntlet | Found a large runed translucent door.
 16999 | Gauntlet | Found a large runed translucent door.
 17000 | Gauntlet | Found a large runed translucent door.
 17000 | Gauntlet | Found a large runed translucent door.
 17000 | Gauntlet | Found a runed translucent door.
 17000 | Gauntlet | Found a runed translucent door.
 17000 | Gauntlet | Found a large runed translucent door.
 17001 | Gauntlet | Found a transporter.
 17015 | Gauntlet | Noticed an obsidian statue
 17016 | Gauntlet | Found a transporter.
 17031 | Gauntlet | Found a large runed translucent door.
 17032 | Gauntlet | Found a large runed translucent door.
 17033 | Gauntlet | Found a large runed translucent door.
 17033 | Gauntlet | Found a large runed translucent door.
 17034 | Gauntlet | Found a runed translucent gate.
 17034 | Gauntlet | Noticed a cacodemon
 17035 | Gauntlet | Found a transporter.
 17035 | Gauntlet | Found a runed translucent gate.
 17036 | Gauntlet | Found a runed translucent gate.
 17037 | Gauntlet | Found a large runed translucent door.
 17037 | Gauntlet | Found a large runed translucent door.
 17038 | Gauntlet | Found a large runed translucent door.
 17039 | Gauntlet | Found a large runed translucent door.
 17046 | Gauntlet | Noticed a death scarab
 17047 | Gauntlet | Found a transporter.
 17049 | Gauntlet | Found a large runed translucent door.
 17053 | Gauntlet | Found a transporter.
 17060 | Gauntlet | Noticed a death scarab
 17065 | Gauntlet | Noticed a purple ugly thing
 17068 | Gauntlet | Found a transporter.
 17068 | Gauntlet | Noticed a great orb of eyes
 17080 | Gauntlet | Found a transporter.
 17092 | Gauntlet | Found a transporter.
 17092 | Gauntlet | Noticed a necromancer
 17098 | Gauntlet | Found a transporter.
 17098 | Gauntlet | Found a transporter.
 17103 | Gauntlet | Noticed a death yak
 17104 | Gauntlet | Noticed a death yak
 17104 | Gauntlet | Noticed a death yak
 17137 | Gauntlet | Found a transporter.
 17162 | Gauntlet | Found a transporter.
 17164 | Gauntlet | Found a transporter.
 17184 | Gauntlet | Found a transporter.
 17276 | Gauntlet | Found a transporter.
 18069 | Gauntlet | Slain by a death scarab

Levels and vault maps discovered:
D:1:      dpeg_arrival_pond, layout_basic
D:2:      layout_loops_ring, uniq_sigmund, uniq_crazy_yiuf_cottage
D:3:      layout_basic, kennysheep_orc_chapel, uniq_natasha
D:4:      layout_basic, first_ration, uniq_robin
D:5:      layout_loops_ring, led_sif_book, minmay_temple_entry_hall,
          gup_sewer_entry_bowl
D:6:      layout_loops_corners, serial_shops, shop, shop, shop,
          nicolae_elemental_shop
D:7:      layout_cave_pods, roderic_lattice_a,
          grunt_dithmenos_smoke_and_mirrors, uniq_harold
D:8:      layout_rooms, minmay_lair_entry_grove, fungi_pond_lemuel,
          grunt_pizzeria, zaba_anthole, tso_metal_star
D:9:      layout_stronghold
D:10:     layout_stronghold
D:11:     minmay_the_grid_net [minmay_the_grid_odd_star,
          minmay_the_grid_zigzag_pyramid, minmay_the_grid_outer_diamond,
          minmay_the_grid_tree, minmay_the_grid_empty,
          minmay_the_grid_prize_trominoes], layout_loops_ring,
          minmay_orc_entry_temple_small, ebering_ghost_disaster_area
D:12:     layout_loops_ring, gauntlet_entry_generic, moated_statue
Temple:   kilobyte_greek_temple
Gauntlet: gammafunk_gauntlet_one_two_three [nicolae_gauntlet_arena_grate_2,
          gammafunk_gauntlet_arena_arrow_garden, gammafunk_gauntlet_arena_grid,
          gammafunk_gauntlet_arena_mazey,
          minmay_gauntlet_arena_make_your_own_arena,
          nicolae_gauntlet_arena_flowing_pool, gammafunk_gauntlet_arena_split_x,
          nicolae_gauntlet_arena_blocks, gammafunk_gauntlet_arena_teeth,
          gauntlet_exit_spiral]

Skill      XL: |  1  2  3  4  5  6  7  8  9 10 11 |
---------------+----------------------------------+-----
Spellcasting   | 5 6 7 8 10 11 15 | 15.8
Conjurations   | 2 3 4 5 6 |  6.2
Dodging        | 3 |  3.3
Poison Magic   | 1 2 |  2.6
Stealth        | 3 |  3.7
Fire Magic     | 2 |  2.7
Necromancy     | 3 7 10 11 | 11.6
Summonings     | 2 |  2.6
Armour         | 1 |  1.8
Translocations | 2 |  2.4
Air Magic      | 1 |  1.0
Staves         | 1 |  1.2
Charms         | 1 |  1.6
Fighting       | |  0.5
Unarmed Combat | |  0.1

Action                   |  1- 3 |  4- 6 |  7- 9 | 10-12 || total
-------------------------+-------+-------+-------+-------++-------
Melee: Unarmed           |    10 |       |       |       ||    10
       Mace              |       |     2 |     6 |       ||     8
       Quarterstaff      |       |       |     6 |    23 ||    29
Throw: Dart              |       |       |     1 |       ||     1
 Cast: Magic Dart        |    56 |   117 |   100 |    20 ||   293
       Conjure Flame     |     1 |    15 |    38 |    22 ||    76
       Mephitic Cloud    |     1 |     6 |    41 |    15 ||    63
       Pain              |       |       |   277 |   139 ||   416
       Call Imp          |       |       |    14 |       ||    14
       Blink             |       |       |    16 |     3 ||    19
       Animate Skeleton  |       |       |    29 |    14 ||    43
       Sublimation of Bl |       |       |     3 |     9 ||    12
       Regeneration      |       |       |     1 |     7 ||     8
       Bolt of Draining  |       |       |       |    43 ||    43
       Death Channel     |       |       |       |     4 ||     4
       Dispel Undead     |       |       |       |     7 ||     7
       Animate Dead      |       |       |       |     1 ||     1
Evoke: Wand              |       |       |    11 |       ||    11
  Use: Scroll            |       |       |     5 |     6 ||    11
 Stab: Confused          |       |       |     1 |       ||     1
       Paralysed         |       |       |       |     2 ||     2
  Eat: Chunk             |     1 |     6 |    24 |    13 ||    44
       Ration            |       |       |     1 |     2 ||     3
Armor: Robe              |     5 |     7 |     5 |       ||    17
       Leather armour    |       |       |    43 |    51 ||    94
       Animal skin       |       |       |       |    13 ||    13
Dodge: Dodged            |    18 |    33 |   128 |    54 ||   233
